 Dungeon Crawl Stone Soup version 0.25-a0-403-g49d089a (webtiles) character file.

Game seed: 17160209660420729140, levelgen mode: deterministic

58 Birdy the Sneak (level 4, -2/29 HPs)
             Began as a Halfling Assassin on Jan 9, 2020.
             Slain by a worm (10 damage)
             ... on level 2 of the Dungeon.
             The game lasted 00:02:00 (1545 turns).

Birdy the Sneak (Halfling Assassin)                 Turns: 1545, Time: 00:02:00

Health: -2/29      AC:  3    Str: 12    XL:     4   Next: 20%
Magic:  4/4        EV: 15    Int:  9    God:
Gold:   25         SH:  0    Dex: 16    Spells: 3/3 levels left

rFire    . . .     SeeInvis .   a - +2 dagger
rCold    . . .     Gourm    .   (shield restricted)
rNeg     . . .     Faith    .   b - +0 robe
rPois    .         Spirit   .   (no helmet)
rElec    .         Reflect  .   c - +0 cloak
rCorr    .         Harm     .   (no gloves)
MR       .....                  (no boots)
Stlth    +++.......             (no amulet)
HPRegen  0.09/turn              (no ring)
MPRegen  0.09/turn              (no ring)

@: lethally poisoned (-2 -> -4)
A: small, mutation resistance 1
a: no special abilities


You were on level 2 of the Dungeon.
You were not hungry.

You visited 1 branch of the dungeon, and saw 2 of its levels.

You collected 25 gold pieces.

Inventory:

Hand Weapons
 a - a +2 dagger (weapon)
Missiles
 d - 8 poisoned darts (quivered)
 e - 2 curare-tipped darts
Armour
 b - a +0 robe (worn)
 c - a +0 cloak (worn)
Scrolls
 g - a scroll of teleportation
 h - a scroll of fog
Comestibles
 f - 2 rations


   Skills:
 - Level 2.0 Fighting
 + Level 3.2 Short Blades
 - Level 2.0 Throwing
 + Level 1.6 Armour
 - Level 2.0 Dodging
 + Level 4.9 Stealth


You had 3 spell levels left.
You didn't know any spells.
Your spell library was empty.

Dungeon Overview and Level Annotations

Branches:
Dungeon (2/15)

Altars:
Uskayaw


Innate Abilities, Weirdness & Mutations

You are small and have problems with some larger weapons.
You are somewhat resistant to further mutation.


Message History

The adder is moderately wounded.
The adder bites you.
You are poisoned.
The adder poisons you!
You hit the adder.
The adder is severely wounded.
You feel sick. The adder closely misses you.
You hit the adder.
The adder is almost dead.
The adder bites you. The adder closely misses you.
You closely miss the adder.
The adder is almost dead.
The adder bites you.
You barely miss the adder.
The adder is almost dead.
The adder misses you.
You closely miss the adder.
The adder is almost dead.
You feel sick. The adder barely misses you. The worm bites you!
You die...

......#......# .......
.............# ....g..
.............# .......
.............##.......
........w.............
#####........#........
#...######.#######
#...######....[#
#.%...w@S......#
##.##..........#
..............#
..............##
......######### ......
...... ......


You could see a worm and an adder.

Vanquished Creatures
  An adder (D:2)
  2 oozes
  2 dart slugs (D:1)
  A leopard gecko (D:1)
  5 bats (D:1)
  A giant cockroach (D:1)
  4 goblins (D:1)
  4 hobgoblins (D:1)
  3 jackals (D:1)
  4 kobolds (D:1)
  4 rats (D:1)
31 creatures vanquished.

Notes
Turn   | Place    | Note
-------+----------+-------------------------------------------
     0 | D:1      | Birdy the Halfling Assassin began the quest for the Orb.
     0 | D:1      | Reached XP level 1. HP: 14/14 MP: 1/1
   114 | D:1      | Reached XP level 2. HP: 10/19 MP: 2/2
   496 | D:1      | Reached skill level 1 in Armour
   496 | D:1      | Reached XP level 3. HP: 24/24 MP: 3/3
  1304 | D:2      | Reached XP level 4. HP: 12/29 MP: 4/4
  1490 | D:2      | Found a hide-covered altar of Uskayaw.
  1545 | D:2      | Slain by a worm

Levels and vault maps discovered:
D:1:      elethiomel_arrival_infinity_welcomes_careful_drivers, layout_basic,
          serial_bayou, serial_bayou_ford_a, serial_bayou_shore_b,
          serial_bayou_lagoon_b, serial_bayou_shore_a, serial_bayou_pond_e,
          hangedman_abyss_or_decor_stabs, minmay_misc_feat_alley,
          minmay_tetromino_l2
D:2:      layout_basic, lemuel_doored_altar

Skill      XL: |  1  2  3 |
---------------+----------+-----
Fighting       | 2 |  2.0
Armour         | 1 |  1.6
Short Blades   | 3 |  3.2
Dodging        | 2 |  2.0
Throwing       | |  2.0
Stealth        | |  4.9

Action                   |  1- 3 |  4- 6 || total
-------------------------+-------+-------++-------
Melee: Dagger            |   115 |    13 ||   128
  Use: Scroll            |     3 |       ||     3
 Stab: Sleeping          |     4 |       ||     4
  Eat: Ration            |       |     1 ||     1
Armor: Robe              |    20 |     1 ||    21
Dodge: Dodged            |    85 |     8 ||    93

Table legend:
 A = Non-vault XP
 B = Vault XP
 C = Vault XP percentage of total XP
 D = Non-vault monster count
 E = Vault monster count
 F = Vault count percentage of total count
                 A         B        C        D         E       F
            +---------+---------+-------+---------+---------+-------
      Total |      83 |       0 |   0.0 |      31 |       0 |   0.0
            +---------+---------+-------+---------+---------+-------
        D:1 |      61 |       0 |   0.0 |      29 |       0 |   0.0
        D:2 |      22 |       0 |   0.0 |       2 |       0 |   0.0
            +---------+---------+-------+---------+---------+-------
